 Dungeon Crawl Stone Soup version 0.30-a0-630-g881e3bac89 (webtiles) character file.

Game seed: 13884693071764304520

8 M4edhros the Sneak (level 2, -5/21 HPs)
             Began as an Octopode Delver on Jan 13, 2023.
             Slain by Menkaure (7 damage)
             ... on level 5 of the Dungeon.
             The game lasted 00:00:14 (48 turns).

M4edhros the Sneak (Octopode Delver)                  Turns: 48, Time: 00:00:14

Health: -5/21      AC:  1    Str: 11    XL:     2   Next: 8%
Magic:  2/2        EV: 13    Int: 12    God:
Gold:   0          SH:  0    Dex: 13    Spells: 1/1 levels left

rFire   + . .      SeeInvis .      - Unarmed
rCold   + . .      Faith    .    (no shield)
rNeg    . . .      Spirit   .    (helmet restricted)
rPois   +          Reflect  .    (no amulet)
rElec   +          Harm     .    (no ring)
rCorr   +          Rampage  .    (no ring)
Will    .....                    (no ring)
Stlth   ++++                     (no ring)
HPRegen 0.23/turn                (no ring)
MPRegen 0.08/turn                (no ring)
                                 (no ring)
                                 (no ring)

@: resistant
A: almost no armour, amphibious, 8 rings, camouflage 1, gelatinous body 1,
(nimble swimmer 1), tentacles
a: no special abilities


You were on level 5 of the Dungeon.
You visited 1 branch of the dungeon, and saw 1 of its levels.

Inventory:

Wands
 e - a wand of digging (3)
Scrolls
 a - a scroll of fog
 b - a scroll of magic mapping
 c - a scroll of fear
 g - a scroll of immolation {unknown}
Potions
 d - a potion of haste


   Skills:
 + Level 3.1 Fighting
 + Level 2.2 Dodging
 + Level 6.7 Stealth
 + Level 2.2 Unarmed Combat


You had one spell level left.
You didn't know any spells.
Your spell library was empty.

Dungeon Overview and Level Annotations

Branches:
Dungeon (5/15)
 Temple: D:4-7

Altars:

Annotations:
D:5 Menkaure


Innate Abilities, Weirdness & Mutations

You cannot wear most types of armour.
You are amphibious.
You can wear up to eight rings at the same time.
Your skin changes colour to match your surroundings (Stealth+).
Your rubbery body absorbs attacks. (AC +1, EV +1)
((You are camouflaged when in or above water. (Stealth+)))
You have tentacles for arms and can constrict up to eight enemies at once.


Message History

You see here a +0 chain mail.
A shadow imp comes into view.
The shadow imp shouts!
The shadow imp completely misses you.
You tentacle-slap the shadow imp. You grab the shadow imp.
Your squeeze misses the shadow imp.
The shadow imp is lightly wounded.
You constrict the shadow imp, but do no damage.
The shadow imp hits you.
You hear a distant slurping noise.
You tentacle-slap the shadow imp.
The shadow imp is moderately wounded.
You constrict the shadow imp, but do no damage.
The shadow imp hits you.
You tentacle-slap the shadow imp. You squeeze the shadow imp.
The shadow imp is heavily wounded.
You constrict the shadow imp. The shadow imp barely misses you.
You barely miss the shadow imp.
The shadow imp is severely wounded.
You constrict the shadow imp. The shadow imp barely misses you.
You tentacle-slap the shadow imp but do no damage.
You squeeze the shadow imp, but do no damage.
The shadow imp is almost dead.
You constrict the shadow imp. You tentacle-slap the shadow imp.
You kill the shadow imp!
You have reached level 2!
You open the door.
Menkaure, Prince of Dust comes into view.
There is an open door here.
Found a scroll labelled ULYUKU SENU.
Menkaure shouts!
Menkaure hits you!
Ouch! That really hurt!
* * * LOW HITPOINT WARNING * * *
Okay, then.
It was a potion of resistance.
You feel protected. Menkaure hits you!
You die...

#########
#.......#######
###+####..............
#......#..............
#....@.'..............
#....M##.......##.....
#.....##.......##.....
#.....##.......##.....
#.....##..............
.......#..........[....
........#...............
.?......##.......##.....
######.[....(##.....


You could see Menkaure.

Vanquished Creatures
  A shadow imp (D:5)
1 creature vanquished.

Notes
Turn   | Place    | Note
-------+----------+-------------------------------------------
     0 | D:5      | M4edhros the Octopode Delver began the quest for the Orb.
     0 | D:5      | Reached XP level 1. HP: 16/16 MP: 1/1
    43 | D:5      | Reached XP level 2. HP: 15/21 MP: 2/2
    45 | D:5      | Noticed Menkaure
    48 | D:5      | Slain by Menkaure

Illustrated notes

Levels and vault maps discovered:
D:5:      layout_gridville, serial_shops, nicolae_shop_behind_doors,
          lightli_corner_chamber, uniq_menkaure

Action                   || total
-------------------------++-------
Melee: Unarmed           ||     6
       Tentacles         ||     2
       Constrict         ||     1
  Use: Potion            ||     1
Dodge: Dodged            ||     3

Table legend: (Time is in decaauts)
 A = Elapsed time spent in this place.
 B = Non-inter-level travel time spent in this place.
 C = Inter-level travel time spent in this place.
 D = Time resting spent in this place.
 E = Time spent auto-exploring this place.
 F = Levels seen in this place.
 G = Mean time per level.
                   A        B        C        D        E       F      G
               +--------+--------+--------+--------+--------+-----+--------+
         Total |     47 |     47 |      0 |      0 |      0 |   1 |   47.0 |
       Dungeon |     47 |     47 |      0 |      0 |      0 |   1 |   47.0 |
               +--------+--------+--------+--------+--------+-----+--------+

Top non-repeatable levels by time:
     D:5: 47 daAuts
